 Dungeon Crawl Stone Soup version 0.23.0-3-gf3c87f2 (webtiles) character file.

Game seed: 3983199540847228637

28 zishaf the Firebug (level 3, -3/19 HPs)
             Began as a Deep Elf Fire Elementalist on Feb 20, 2019.
             Slain by a gnoll
             ... wielding a cursed -3 club
              (5 damage)
             ... on level 1 of the Dungeon.
             The game lasted 00:01:16 (1080 turns).

zishaf the Firebug (Deep Elf Fire Elementalist)     Turns: 1080, Time: 00:01:17

Health: -3/19      AC:  3    Str:  6    XL:     3   Next: 0%
Magic:  8/9        EV: 13    Int: 19    God:
Gold:   17         SH:  0    Dex: 15    Spells: 5/8 levels left

rFire    . . .     SeeInvis +   (no weapon)
rCold    . . .     Gourm    .   (no shield)
rNeg     . . .     Faith    .   a - +0 robe
rPois    .         Spirit   .   (no helmet)
rElec    .         Reflect  .   (no cloak)
rCorr    .         Harm     .   e - +0 pair of gloves
MR       .....                  (no boots)
Stlth    ++........             (no amulet)
HPRegen  0.06/turn              j - ring of see invisible
MPRegen  0.11/turn              (no ring)

@: no status effects
A: no striking features
a: no special abilities


You were on level 1 of the Dungeon.
You were hungry.

You visited 1 branch of the dungeon, and saw 2 of its levels.

You collected 17 gold pieces.

Inventory:

Armour
 a - a +0 robe (worn)
 e - a +0 pair of gloves (worn)
Jewellery
 j - a ring of see invisible (left hand)
Scrolls
 f - 4 scrolls of identify {unknown}
 g - 2 scrolls of enchant weapon {unknown}
Potions
 d - a potion of haste {unknown}
 h - a potion of invisibility {unknown}
 i - a potion of degeneration {unknown}
Comestibles
 c - 2 rations


   Skills:
 + Level 2.8 Dodging
 - Level 3.0 Stealth
 + Level 3.4 Spellcasting
 + Level 1.7 Conjurations
 + Level 3.6 Fire Magic


You had 5 spell levels left.
You knew the following spells:

 Your Spells              Type           Power        Failure   Level  Hunger
a - Flame Tongue          Conj/Fire      ##...        4%          1    None
b - Throw Flame           Conj/Fire      ##....       8%          2    ##.....

Your spell library contained the following spells:

 Spells                   Type           Power        Failure   Level  Hunger
 Conjure Flame            Conj/Fire      ##......     14%         3    ###....
 Inner Flame              Hex/Fire       ##......     22%         3    ###....
 Sticky Flame             Conj/Fire      ##......     43%         4    ####...
 Fireball                 Conj/Fire      ##........   80%         5    ######.


Dungeon Overview and Level Annotations

Branches:
Dungeon (2/15)

Altars:


Message History

You start resting.
HP restored.
You climb downwards.
The gnoll hits you with a cursed -3 club.
The gnoll hits you from afar with a +0 spear.
The gnoll completely misses you.
There is a stone staircase leading up, spattered with blood here.
The gnoll hits you from afar with a +0 spear!
* * * LOW HITPOINT WARNING * * *
You climb upwards.
There is a stone staircase leading down here.
Casting: Flame Tongue (safe; 4% risk of failure)
Confirm with . or Enter, or press ? or * to list all spells.
Aiming: Flame Tongue (safe; 4% risk of failure)
Press: ? - help, Shift-Dir - straight line, f - gnoll
Aim: a gnoll, wielding a -3 club The flame tongue hits the gnoll.
The gnoll is moderately wounded.
The gnoll hits you with a cursed -3 club.
You die...

#..# #.....# #...##)###.....#
#..# ###.### #..............#
...# #.# #...##.....#...# ..##
#^# #.#.##.######..# ...# #.#
#....8.....8...# ##.#####.####
##...#.....#...# ............#
##..#..<..#...####
....##.#.##.#####g.#.....#.......
.#..............@..8.....8....)..
...###.#.##.#####.######.##......
.#####.#.##.# #..#.....#.......
............# #................
.######...### ####...####......
...# #...# ##.## #...... ##.#
#...# #.# ####### .#.# #...# #.#
####### .#.####...###### ##.##
#.....#


You could see a gnoll.

Vanquished Creatures
  A gnoll (D:2)
  A dart slug (D:1)
  2 giant cockroaches
  2 goblins
  4 hobgoblins
  3 frilled lizards
  2 kobolds
  A rat (D:1)
16 creatures vanquished.

Notes
Turn   | Place    | Note
-------+----------+-------------------------------------------
     0 | D:1      | zishaf the Deep Elf Fire Elementalist began the quest for
                  | the Orb.
     0 | D:1      | Reached XP level 1. HP: 10/10 MP: 6/6
   219 | D:1      | Reached XP level 2. HP: 15/15 MP: 2/8
   274 | D:1      | Learned a level 2 spell: Throw Flame
   830 | D:1      | Reached XP level 3. HP: 4/19 MP: 6/9
  1080 | D:1      | Slain by a gnoll

Skill      XL: |  1  2 |
---------------+-------+-----
Stealth        | 3 |  3.0
Dodging        | |  2.8
Spellcasting   | |  3.4
Conjurations   | |  1.7
Fire Magic     | |  3.6

Action                   || total
-------------------------++-------
 Cast: Flame Tongue      ||    23
       Throw Flame       ||     5
Armor: Robe              ||     1
Dodge: Dodged            ||     6
